 Dungeon Crawl Stone Soup version 0.20.1-1-g8b1a95d (webtiles) character file.

603912 Feta the Hoplite (level 27, -19/172 HPs)
             Began as a Gargoyle Fire Elementalist on Oct 19, 2017.
             Was the Champion of Vehumet.
             Killed from afar by an ancient champion (43 damage)
             ... with an iron shot
             ... on level 3 of the Crypt on Oct 21, 2017.
             The game lasted 09:14:24 (76610 turns).

Feta the Hoplite (Gargoyle Fire Elementalist)      Turns: 76610, Time: 09:14:25

Health: -19/172    AC: 58    Str: 26    XL:     27
Magic:  17/41      EV: 28    Int: 26    God:    Vehumet [******]
Gold:   2028       SH: 42    Dex: 28    Spells: 10/54 levels left

rFire    + . .     SeeInvis +   b - +9 war axe of Hipu Pil {holy, MR- Dex+4 SInv}
rCold    + . .     Gourm    .   B - +8 large shield {AC+3}
rNeg     + + +     Faith    .   D - +9 ring mail "Uxkur" {rF- rC+ Str+4 Dex+6}
rPois    ∞         Spirit   .   v - +3 helmet of the Sun {rF+ rN+ Str+2 Dex+4}
rElec    +         Reflect  +   k - +2 cloak {+Inv}
rCorr    .         Harm     .   E - +2 pair of gloves {Dex+3}
MR       +....                  o - +1 pair of boots "Eteag" {rF+}
Stlth    ++........             M - brooch of Shielding {Reflect SH+8}
Regen    0.4/turn               I - +4 ring of strength
MPRegen  0.3/turn               s - ring of Xom's Displeasure {rN++ EV+3}

@: hasted, very quick
A: big wings, fangs 1, talons 1, slimy green scales 1, blurry vision 1, negative
energy resistance 1, electricity resistance, strong 1, unbreathing, evolution 1,
petrification resistance, rot immunity, AC +20
}: 3/15 runes: serpentine, barnacled, slimy
a: Fly, Renounce Religion, Evoke Invisibility


You were on level 3 of the Crypt.
You worshipped Vehumet.
Vehumet was exalted by your worship.
You were near starving.

You visited 10 branches of the dungeon, and saw 49 of its levels.
You also visited: Ice Cave.

You collected 5970 gold pieces.
You spent 3942 gold pieces at shops.

Inventory:

Hand Weapons
 a - the +7 morningstar of Misery {speed, +Inv rPois Stlth+}
   (You found it on level 5 of the Pits of Slime)

   Attacks with this weapon are significantly faster.
   It protects you from poison.
   It lets you turn invisible.
   It makes you more stealthy.
 b - the +9 war axe of Hipu Pil (weapon) {holy, MR- Dex+4 SInv}
   (You found it on level 5 of the Pits of Slime)

   It has been blessed by the Shining One to cause great damage to the undead
   and demons.
   It affects your dexterity (+4).
   It affects your resistance to hostile enchantments.
   It lets you see invisible.
Missiles
 F - 3 needles of sleeping
 G - 14 poisoned needles
Armour
 k - a +2 cloak of invisibility (worn)
 o - the +1 pair of boots "Eteag" (worn) {rF+}
   (You bought it in a shop on level 1 of the Depths)

   It protects you from fire.
 v - the +3 helmet of the Sun (worn) {rF+ rN+ Str+2 Dex+4}
   (You bought it in a shop on level 2 of the Orcish Mines)

   It affects your strength (+2).
   It affects your dexterity (+4).
   It protects you from fire.
   It protects you from negative energy.
 B - a +8 large shield of protection (worn)
 D - the +9 ring mail "Uxkur" (worn) {rF- rC+ Str+4 Dex+6}
   (You found it on level 4 of the Shoals)

   It affects your strength (+4).
   It affects your dexterity (+6).
   It makes you vulnerable to fire.
   It protects you from cold.
 E - a +2 pair of gloves of dexterity (worn)
Jewellery
 s - the ring of Xom's Displeasure (right hand) {rN++ EV+3}
   (You bought it in a shop on level 5 of the Depths)

   [ring of evasion]

   It affects your evasion (+3).
   It greatly protects you from negative energy.
 y - an uncursed ring of see invisible
 I - a +4 ring of strength (left hand)
 M - the brooch of Shielding (around neck) {Reflect SH+8}
   (You found it on level 5 of the Dungeon)

   [amulet of reflection]

   It shields you and reflects attacks.
   It affects your SH (+8).
 N - an uncursed ring of fire
Wands
 d - a wand of acid (5/15)
 m - a wand of scattershot (3/9)
 t - a wand of digging (14/24)
 C - a wand of lightning (6/15)
 O - a wand of clouds (6/9)
 V - a wand of iceblast (9/15)
Scrolls
 c - a scroll of enchant armour
 e - 8 scrolls of remove curse
 h - 4 scrolls of identify
 i - 4 scrolls of teleportation
 l - a scroll of recharging
 n - a scroll of fog
 r - 5 scrolls of magic mapping
 z - a scroll of blinking
Potions
 g - a potion of cancellation
 j - 11 potions of curing
 q - 7 potions of agility
 u - 3 potions of resistance
 w - 9 potions of brilliance
 H - 2 potions of invisibility
 Y - 2 potions of might
Books
 x - a book of Fire

   Spells                             Type                      Level
   a - Ignite Poison                  Fire/Transmutation/Poison    3
   b - Fireball                       Conjuration/Fire             5
   c - Bolt of Fire                   Conjuration/Fire             6
   d - Ring of Flames                 Charms/Fire                  7
   e - Ignition                       Fire                         8
Comestibles
 p - 14 bread rations
 A - 3 fruits


   Skills:
 + Level 17.2 Fighting
 + Level 8.7 Maces & Flails
 + Level 17.0 Armour
 + Level 13.5 Dodging
 - Level 2.1 Stealth
 * Level 22.2 Shields
 + Level 14.0 Spellcasting
 + Level 19.1 Conjurations
 + Level 16.4 Fire Magic
   Level 7.0 Ice Magic
 + Level 16.2 Earth Magic


You had 10 spell levels left.
You knew the following spells:

 Your Spells              Type           Power        Failure   Level  Hunger
a - Iron Shot             Conj/Erth      #######...   1%          6    ####...
b - Conjure Flame         Conj/Fire      #######.     0%          3    None
c - Sticky Flame          Conj/Fire      #######.     1%          4    None
d - Fireball              Conj/Fire      #######...   1%          5    ##.....
e - Fire Storm            Conj/Fire      #######...   54%         9    #######
f - Lehudib's Crystal Sp  Conj/Erth      #######...   7%          8    #######
g - Shatter               Erth           #######...   75%         9    #######


Dungeon Overview and Level Annotations

Branches:
Dungeon (15/15)            Temple (1/1) D:4            Lair (6/6) D:10
 Shoals (4/4) Lair:3        Snake (4/4) Lair:4        Slime (5/5) Lair:6
    Orc (2/2) D:12            Elf (0/3) Orc:2        Vaults (4/5) D:14
  Crypt (3/3) Vaults:2       Tomb (0/3) Crypt:3      Depths (5/5) D:15
    Zot (0/5) Depths:5

Altars:
Ashenzari
Cheibriados
Dithmenos
Elyvilon
Fedhas
Gozag
Hepliaklqana
Kikubaaqudgha
Makhleb
Nemelex Xobeh
Okawaru
Qazlal
Ru
Sif Muna
Trog
Uskayaw
Vehumet
Xom
Yredelemnul
Zin
The Shining One
Beogh
Jiyva

Shops:
D:6 :   D:15 **(*   Orc:2 ??**?   Shoals:2 (   Shoals:3 }   Vaults:1 [
Depths:1 [   Depths:3 *   Depths:5 =}}

Portals:
Hell: Depths:1 Depths:2 Depths:3 Depths:4 Depths:5
Abyss: Depths:2 Depths:3 Depths:4 Depths:5
Pandemonium: Depths:2 Depths:3
Ziggurat: Depths:3
Trove: Depths:3 (give 2 scrolls of acquirement)

Annotations:
Shoals:3 Bazinga's ghost, adept MiBe
Vaults:4 Bai Suzhen; Mennas


Innate Abilities, Weirdness & Mutations

You are resistant to torment.
Your stone body is resilient. (AC +20)
You are immune to poison.
Your large and strong wings let you fly indefinitely.
You resist negative energy. (rN+)
You are resistant to electric shocks. (rElec)
You can survive without breathing.
You are immune to petrification.
You are immune to rotting.
You have very sharp teeth.
You have sharp toenails.
You are partially covered in slimy green scales. (AC +2)
Scrolls take you a little longer to read.
Your muscles are strong. (Str +2)
You evolve.


Message History

The flying skull disappears in a puff of smoke!
The hungry ghost disappears in a puff of smoke!
The ettin simulacrum disappears in a puff of smoke!
The jiangshi disappears in a puff of smoke!
The wraith disappears in a puff of smoke!
The fire dragon skeleton disappears in a puff of smoke!
You are near starving!
You block the skeletal warrior's attack.
You block the ancient champion's attack.
Okay, then.
You feel yourself speed up. You block the eidolon's attack.
The eidolon hits you but does no damage.
You block the skeletal warrior's attack.
The ancient champion gestures at you while chanting.
The iron shot reflects off an invisible shield around you!
The iron shot hits the ancient champion.
You block the eidolon's attack. x2
The ancient champion casts a spell at you.
The iron shot hits you!
You die...

. .. #++#...
##### ##......#
....# #.......#
...####z.§....#
##.##.WWz......
#.....z##§§'''#
#...@### W....
#...##


ZW.. #...# ... #..## ## #..# ##..# #...# #...# #...# You could see 2 eidola, 2
ancient champions and a skeletal warrior.

Vanquished Creatures
  the Royal Jelly (Slime:5)
  A juggernaut (Depths:4)
  3 greater mummies (Crypt:1)
  Sojobo (Vaults:4)
  Boris (Crypt:3)
  Vashnia (Snake:2)
  Xtahua (Vaults:4)
  A caustic shrike (Depths:4)
  5 golden dragons
  Nikola (Shoals:1)
  A tentacled monstrosity (Depths:4)
  4 liches
  A deep elf blademaster (Depths:4)
  A quicksilver dragon (Depths:4)
  2 titans
  42 acid blobs
  3 sphinxes
  5 ancient champions
  2 shadow dragons
  2 storm dragons (Depths:5)
  13 nagarajas
  5 tengu reavers
  12 frost giants
  26 azure jellies
  3 revenants
  9 fire giants
  3 deep elf sorcerers
  Aizul (Snake:2)
  Ilsuiw (Shoals:4)
  13 vault wardens
  2 curse skulls (Crypt:3)
  2 cacodemons
  8 ghouls
  A draconian shifter (Depths:5)
  Louise (Depths:3)
  15 ironheart preservers
  A spriggan defender (Depths:3)
  10 stone giants
  18 very ugly things
  2 entropy weavers (Depths:4)
  A caustic shrike skeleton (Depths:4)
  3 juggernaut skeletons (Depths:3)
  6 vampire knights
  A green draconian (Depths:5)
  4 red draconians (Depths:5)
  A white draconian (Depths:5)
  A deep elf demonologist (Vaults:2)
  3 deep elf annihilators
  8 spark wasps
  Azrael (Orc:2)
  Snorg (Lair:5)
  3 merfolk javelineers
  3 eidola
  20 fire dragons
  18 ettins
  2 mummy priests (Crypt:1)
  24 death oozes
  2 deep elf high priests
  9 deep elf death magi
  3 jiangshi
  10 rakshasas
  The ghost of LadyPew the Fighter, a journeyman MiBe of Trog (D:11)
  4 merfolk impalers
  11 ogre magi
  11 yaktaur captains
  Harold (Lair:3)
  11 vault guards
  15 great orbs of eyes
  Erolcha (D:12)
  A monstrous demonspawn (Depths:2)
  16 ice dragons
  A hell beast (Depths:1)
  18 naga warriors
  5 hydras
  4 merfolk avatars
  9 centaur warriors
  4 death knights
  3 spriggan air magi
  18 anacondas
  An alligator snapping turtle (Shoals:4)
  6 merfolk aquamancers
  22 two-headed ogres
  2 titan zombies (Depths:3)
  6 deep troll earth magi
  4 death yaks
  7 vampire magi
  10 deep troll shamans
  2 satyrs
  An orc high priest (Orc:2)
  3 spriggan berserkers
  13 shock serpents
  15 naga sharpshooters
  A soul eater (Crypt:1)
  Nergalle (D:12)
  4 deep elf knights
  4 hell knights
  2 sun demons
  A storm dragon zombie (Depths:3)
  A shadow wraith (Crypt:3)
  2 iron trolls (Depths:4)
  A titan skeleton (Crypt:2)
  29 skeletal warriors
  6 salamander mystics
  13 sea snakes
  A torturous demonspawn (Depths:3)
  An entropy weaver zombie (Crypt:2)
  5 glowing orange brains
  4 spark wasp zombies
  A kraken simulacrum (Shoals:4)
  An unseen horror (shapeshifter) (Depths:4)
  32 deep trolls
  13 naga ritualists
  4 unseen horrors
  8 wizards
  A sea snake (shapeshifter) (Vaults:2)
  14 flayed ghosts
  2 deep elf archers
  14 ironbrand convokers
  9 necromancers
  35 harpies
  3 phantasmal warriors
  A fire giant zombie (Vaults:4)
  56 ugly things
  14 mana vipers
  11 orc knights
  A tengu skeleton (Depths:3)
  6 shining eyes
  A frost giant zombie (Depths:3)
  13 salamanders
  A shadow dragon skeleton (Depths:3)
  A manticore (shapeshifter) (Vaults:3)
  13 deep elf magi
  8 cyclopes
  An oklob plant (Lair:6)
  An orb spider (shapeshifter) (Depths:3)
  2 wolf spiders
  15 manticores
  2 iron dragon zombies (Depths:3)
  13 fauns
  7 elephants
  2 moths of wrath (shapeshifter)
  6 water nymphs
  A salamander (shapeshifter) (Depths:1)
  3 rust devils
  4 centaur zombies
  A stone giant skeleton (Crypt:2)
  10 merfolk sirens
  Maurice (D:12)
  41 black mambas
  10 guardian serpents
  An elf skeleton (Depths:1)
  6 centaur skeletons
  A shock serpent skeleton (Crypt:3)
  An ice statue (IceCv)
  12 vault sentinels
  A storm dragon simulacrum (Crypt:1)
  2 torpor snails
  4 eyes of devastation
  3 spiny frogs (shapeshifter)
  A gargoyle (D:15)
  2 orange demons
  20 naga magi
  An alligator snapping turtle zombie (Crypt:1)
  2 kobold demonologists (D:14)
  8 spiny frogs
  A white draconian zombie (Crypt:1)
  5 freezing wraiths
  A death yak zombie (Crypt:2)
  14 rime drakes
  2 rime drakes (shapeshifter)
  9 komodo dragons
  25 yaktaurs
  An ice devil (Depths:1)
  A yaktaur skeleton (Vaults:4)
  A sea snake skeleton (Crypt:3)
  2 red devils (Depths:3)
  A tengu conjurer (Depths:5)
  28 merfolk
  16 polar bears
  A polar bear (shapeshifter) (Depths:2)
  A jumping spider (shapeshifter) (Depths:1)
  3 meliai (D:13)
  2 wolf spider simulacra
  A meliai (shapeshifter) (Depths:3)
  A wind drake (shapeshifter) (Vaults:3)
  10 trolls
  140 slime creatures
  11 hornets
  13 hippogriffs
  A harpy skeleton (Crypt:3)
  A minotaur skeleton (Crypt:2)
  4 bog bodies (Crypt:2)
  9 snapping turtles
  8 wind drakes
  14 blink frogs
  A fire giant simulacrum (Vaults:3)
  9 dream sheep
  3 air elementals
  18 spriggans
  An ettin skeleton (Crypt:2)
  9 flying skulls
  4 shadows
  A vampire (D:10)
  6 wraiths
  19 humans (D:14)
  80 yaks
  2 elf zombies (Depths:3)
  5 basilisks
  20 water elementals
  A basilisk (shapeshifter) (Depths:3)
  A spriggan (shapeshifter) (Vaults:1)
  9 wyverns
  3 fire elementals (Orc:2)
  19 golden eyes
  Eustachio (D:5)
  A hog (shapeshifter) (Vaults:1)
  7 steam dragons
  2 vampire mosquitoes (D:15)
  70 nagas
  9 wargs
  A soldier ant (shapeshifter) (Depths:4)
  4 acid dragons
  A soldier ant (D:11)
  A human zombie (Depths:3)
  19 water moccasins
  A swamp worm (shapeshifter) (Vaults:3)
  A floating eye (Depths:2)
  2 floating eyes (shapeshifter) (Depths:4)
  7 porcupines
  A hell hound (Orc:2)
  4 sky beasts
  A black bear (shapeshifter) (Vaults:2)
  51 orc warriors
  5 black bears
  A spiny frog skeleton (Crypt:1)
  A fire dragon simulacrum (Crypt:2)
  A phantom (D:6)
  6 eyes of draining
  2 ice beasts
  13 boggarts
  An eye of draining (shapeshifter) (Vaults:4)
  2 necrophages
  44 wolves
  30 ogres
  21 centaurs
  A manticore skeleton (Crypt:2)
  4 human skeletons
  A hog zombie (Crypt:1)
  15 crocodiles
  Blork the orc (D:6)
  2 big kobolds
  A komodo dragon zombie (Crypt:1)
  19 bullfrogs
  A gnoll sergeant (D:4)
  A hippogriff skeleton (Crypt:2)
  A komodo dragon skeleton (Crypt:2)
  A wyvern skeleton (D:12)
  A scorpion (D:14)
  A hornet simulacrum (D:15)
  13 killer bees
  4 wights (D:11)
  An elf simulacrum (Vaults:4)
  An electric eel (D:15)
  4 howler monkeys
  6 crimson imps
  A wolf skeleton (Crypt:1)
  A bullfrog zombie (D:5)
  3 quasits
  4 hounds
  16 jellies
  12 orc priests
  Crazy Yiuf (D:6)
  17 orc wizards
  A bullfrog skeleton (D:3)
  An iron imp (Depths:5)
  Terence (D:3)
  3 iguanas
  11 worker ants
  A killer bee zombie (D:10)
  A demigod skeleton (Crypt:2)
  A big kobold skeleton (Crypt:2)
  2 hound skeletons
  A worker ant zombie (D:7)
  10 gnolls
  8 adders
  5 shadow imps
  4 white imps
  3 ufetubi
  14 oozes (Lair:2)
  2 halfling zombies
  An adder skeleton (D:3)
  A dart slug (D:1)
  5 leopard geckos
  85 orcs
  3 giant cockroaches
  5 goblins
  8 hobgoblins
  17 jackals
  2 quokkas
  2 ball pythons
  A ball python zombie (Crypt:3)
  15 bats
  2 frilled lizards
  A giant cockroach zombie (D:6)
  15 kobolds
  A leopard gecko skeleton (D:3)
  2 quokka skeletons
  9 rats
  2 crawling corpses (Vaults:3)
  5 plants
2333 creatures vanquished.

Vanquished Creatures (collateral kills)
  2 tengu reavers (Vaults:4)
  Roxanne (D:15)
  A frost giant (Vaults:4)
  2 ironheart preservers
  A death ooze (Slime:5)
  2 orcs (Orc:2)
9 creatures vanquished.

Vanquished Creatures (others)
  A draconian knight (Depths:5)
  9 stone giants
  A white draconian (Depths:5)
  3 merfolk javelineers (Shoals:4)
  5 yaktaur captains
  A vault guard (Vaults:1)
  5 centaur warriors
  An anaconda (Snake:4)
  A satyr (Shoals:3)
  A naga sharpshooter (Snake:3)
  A shadow wraith (Vaults:2)
  A skeletal warrior (Crypt:2)
  A salamander mystic (Snake:3)
  2 harpies (Shoals:1)
  5 deep elf archers
  2 orc knights
  5 fauns (Shoals:2)
  2 manticores
  5 cyclopes
  16 yaktaurs
  4 merfolk
  A tengu conjurer (Depths:5)
  A polar bear (IceCv)
  A naga (Snake:4)
  4 orc warriors (Orc:2)
  12 centaurs
  A scorpion (shapeshifter) (Depths:5)
  An orc priest (Orc:2)
  An orc wizard (Vaults:1)
  A worker ant (D:8)
  6 orcs
  A bush (Lair:5)
  A fire vortex (Orc:2)
  21 fungi
  12 plants
136 creatures vanquished.

Grand Total: 2478 creatures vanquished

Notes
Turn   | Place    | Note
-------+----------+-------------------------------------------
     0 | D:1      | Feta the Gargoyle Fire Elementalist began the quest for the Orb.
     0 | D:1      | Reached XP level 1. HP: 10/10 MP: 3/3
   232 | D:1      | Reached XP level 2. HP: 15/15 MP: 3/5
   513 | D:1      | Reached skill level 1 in Armour
  1052 | D:2      | Reached XP level 3. HP: 18/19 MP: 6/6
  1145 | D:2      | Learned a level 3 spell: Conjure Flame
  1406 | D:3      | Noticed Terence
  1418 | D:3      | Killed Terence
  1418 | D:3      | Reached XP level 4. HP: 21/24 MP: 7/7
  1712 | D:3      | Reached XP level 5. HP: 22/28 MP: 7/9
  2482 | D:4      | Found a staircase to the Ecumenical Temple.
  2490 | Temple   | Entered the Ecumenical Temple
  2510 | Temple   | Became a worshipper of Vehumet
  2725 | D:4      | Reached XP level 6. HP: 33/33 MP: 7/10
  2972 | D:4      | Reached skill level 1 in Fighting
  3130 | D:3      | HP: 1/34 [gnoll/spear of venom (6)]
  3439 | D:4      | Found a sacrificial altar of Ru.
  3439 | D:4      | Found a basalt altar of Yredelemnul.
  3461 | D:4      | Learned a level 4 spell: Sticky Flame
  3511 | D:4      | Found a stormy altar of Qazlal.
  3637 | D:4      | Reached XP level 7. HP: 39/39 MP: 10/17
  3675 | D:5      | Entered Level 5 of the Dungeon
  3743 | D:5      | Noticed Eustachio
  3784 | D:5      | Killed Eustachio
  3784 | D:5      | Reached XP level 8. HP: 30/44 MP: 16/19
  3883 | D:4      | Found a bloodstained altar of Trog.
  3883 | D:4      | Found a shadowy altar of Dithmenos.
  4048 | D:5      | Learned a level 5 spell: Fireball
  4419 | D:6      | Reached * piety under Vehumet
  4419 | D:6      | Offered knowledge of Sting by Vehumet.
  4504 | D:6      | Found a runed door.
  4515 | D:6      | Noticed Crazy Yiuf
  4519 | D:6      | Killed Crazy Yiuf
  4558 | D:6      | Found Alazuoq's Book Shoppe.
  4677 | D:6      | Noticed Blork the orc
  4691 | D:6      | Killed Blork the orc
  5277 | D:6      | Reached XP level 9. HP: 40/49 MP: 17/20
  6369 | D:8      | Reached ** piety under Vehumet
  6369 | D:8      | Offered knowledge of Throw Frost by Vehumet.
  6373 | D:8      | Reached skill level 1 in Shields
  6553 | D:8      | Found a basalt altar of Yredelemnul.
  6877 | D:8      | Reached skill level 2 in Shields
  6927 | D:8      | Found a sparkling altar of Nemelex Xobeh.
  7267 | D:9      | Reached XP level 10. HP: 51/56 MP: 9/21
  7479 | D:9      | Reached skill level 3 in Shields
  7852 | D:10     | Entered Level 10 of the Dungeon
  8027 | D:10     | Reached skill level 4 in Shields
  8079 | D:10     | Offered knowledge of Ignite Poison by Vehumet.
  8100 | D:10     | You fall through a shaft for 2 floors!
  8133 | D:12     | Noticed a cyclops
  8162 | D:12     | Killed a cyclops
  8363 | D:12     | Found a roughly hewn altar of Beogh.
  8467 | D:11     | Reached *** piety under Vehumet
  8563 | D:11     | Noticed LadyPew's ghost (journeyman MiBe)
  8579 | D:11     | Killed LadyPew's ghost
  8579 | D:11     | Reached skill level 5 in Armour
  8579 | D:11     | Reached skill level 5 in Shields
  8579 | D:11     | Reached XP level 11. HP: 43/62 MP: 23/23
  9047 | D:10     | Learned a level 3 spell: Ignite Poison
  9244 | D:10     | Offered knowledge of Fulminant Prism by Vehumet.
  9358 | D:10     | Found a deep blue altar of Sif Muna.
  9443 | D:10     | Found a staircase to the Lair.
  9783 | Lair:1   | Entered Level 1 of the Lair of Beasts
  9985 | Lair:1   | Reached skill level 6 in Shields
  9985 | Lair:1   | Reached skill level 10 in Conjurations
 10065 | Lair:1   | Reached skill level 5 in Fighting
 10288 | Lair:1   | Noticed a six-headed hydra
 10312 | Lair:1   | Killed a six-headed hydra
 10835 | Lair:1   | Reached skill level 7 in Shields
 10879 | Lair:1   | Reached **** piety under Vehumet
 11599 | Lair:2   | Reached XP level 12. HP: 61/69 MP: 13/24
 11765 | Lair:1   | Offered knowledge of Throw Icicle by Vehumet.
 11816 | Lair:2   | Noticed an eight-headed hydra
 11834 | Lair:2   | Killed an eight-headed hydra
 11898 | Lair:2   | Noticed a six-headed hydra
 11910 | Lair:2   | Killed a six-headed hydra
 11914 | Lair:2   | Reached skill level 10 in Fire Magic
 12079 | Lair:2   | Reached skill level 8 in Shields
 12690 | Lair:2   | Learned a level 4 spell: Throw Icicle
 13187 | Lair:3   | Reached ***** piety under Vehumet
 13311 | Lair:3   | Offered knowledge of Conjure Ball Lightning by Vehumet.
 13337 | Lair:3   | Noticed Harold
 13349 | Lair:3   | HP: 2/72 [rime drake/flash freeze (18)]
 13352 | Lair:3   | Reached skill level 5 in Dodging
 13606 | Lair:3   | Killed Harold
 13704 | Lair:3   | Found a frozen archway.
 13713 | IceCv    | Entered an ice cave
 13758 | IceCv    | Reached skill level 9 in Shields
 13950 | IceCv    | Reached XP level 13. HP: 76/76 MP: 23/26
 14271 | IceCv    | Reached skill level 1 in Ice Magic
 14771 | IceCv    | Noticed a frost giant
 14791 | IceCv    | Killed a frost giant
 14951 | IceCv    | Reached skill level 10 in Shields
 15015 | IceCv    | Got a glittering iron ring
 15018 | IceCv    | Identified the ring of the Middle {Ice rN+} (You found it in an ice cave)
 15128 | IceCv    | Got translucent fire dragon scales
 15139 | IceCv    | Identified the +3 fire dragon scales of the World {rF++ rC- Str+3} (You found it in an ice cave)
 15689 | Lair:3   | Found a staircase to the Shoals.
 17004 | Lair:4   | Found a staircase to the Snake Pit.
 17529 | Lair:5   | Gained mutation: Your large and strong wings let you fly indefinitely. [Gargoyle growth]
 17529 | Lair:5   | Reached XP level 14. HP: 84/84 MP: 19/27
 17566 | Lair:5   | Offered knowledge of Lightning Bolt by Vehumet.
 18023 | Lair:5   | Noticed Snorg
 18060 | Lair:5   | Killed Snorg
 18155 | Lair:5   | Reached skill level 10 in Spellcasting
 18286 | Lair:5   | Reached skill level 11 in Shields
 18924 | Lair:6   | Entered Level 6 of the Lair of Beasts
 19355 | Lair:6   | Offered knowledge of Iskenderun's Battlesphere by Vehumet.
 20166 | Lair:6   | Got a faintly glowing long sword
 20167 | Lair:6   | Identified the cursed +0 long sword of Dullness {freeze, Dex+2} (You found it on level 6 of the Lair of Beasts)
 20465 | Lair:6   | Found a shimmering altar of Xom.
 20866 | Lair:6   | Found a runed door.
 20870 | Lair:6   | Found a viscous altar of Jiyva.
 20872 | Lair:6   | Found a staircase to the Slime Pits.
 21395 | D:11     | Reached XP level 15. HP: 83/90 MP: 17/29
 21665 | D:11     | Reached skill level 5 in Ice Magic
 22121 | D:12     | Reached skill level 12 in Shields
 22243 | D:12     | Noticed Erolcha
 22251 | D:12     | Killed Erolcha
 22357 | D:12     | Noticed Maurice
 22365 | D:12     | Killed Maurice
 23126 | D:12     | Found a staircase to the Orcish Mines.
 23131 | Orc:1    | Entered Level 1 of the Orcish Mines
 23131 | Orc:1    | Noticed Nergalle
 23148 | D:12     | Killed Nergalle
 23504 | Orc:2    | Entered Level 2 of the Orcish Mines
 23504 | Orc:2    | Found Ocwupt's Magic Scroll Emporium.
 23536 | Orc:2    | Bought a scroll of acquirement for 832 gold pieces
 23536 | Orc:2    | Bought a scroll of identify for 32 gold pieces
 23536 | Orc:2    | Bought a scroll of identify for 32 gold pieces
 23739 | Orc:2    | Reached ****** piety under Vehumet
 24727 | Orc:2    | Noticed Azrael
 24762 | Orc:2    | Killed Azrael
 24913 | Orc:2    | Offered knowledge of Venom Bolt by Vehumet.
 25182 | Orc:2    | Found Urozeu's Assorted Antiques.
 25182 | Orc:2    | Found Hiekk's General Store.
 25184 | Orc:2    | Found Giamu's Magic Scroll Boutique.
 25186 | Orc:2    | Found Titzovidgh's Magic Scroll Shoppe.
 25190 | Orc:2    | Bought a scroll of identify for 32 gold pieces
 25192 | Orc:2    | Bought a scroll of identify for 34 gold pieces
 25192 | Orc:2    | Bought a scroll of identify for 34 gold pieces
 25192 | Orc:2    | Bought 2 scrolls of identify for 68 gold pieces
 25192 | Orc:2    | Bought a scroll of identify for 34 gold pieces
 25197 | Orc:2    | Bought 3 scrolls of identify for 102 gold pieces
 25197 | Orc:2    | Bought a scroll of random uselessness for 17 gold pieces
 25215 | Orc:2    | Bought a faintly humming helmet for 342 gold pieces
 25225 | Orc:2    | Identified the +3 helmet of the Sun {rF+ rN+ Str+2 Dex+4} (You bought it in a shop on level 2 of the Orcish Mines)
 25311 | Orc:2    | Found a staircase to the Elven Halls.
 25714 | Orc:2    | Bought a potion of heal wounds for 180 gold pieces
 25717 | Orc:2    | Bought a scroll of enchant weapon for 127 gold pieces
 25722 | Orc:2    | Bought a scroll of teleportation for 51 gold pieces
 25722 | Orc:2    | Bought a scroll of enchant weapon for 127 gold pieces
 25722 | Orc:2    | Bought a scroll of teleportation for 51 gold pieces
 25746 | Orc:2    | Bought a scroll of holy word for 120 gold pieces
 26748 | D:13     | Found a shimmering altar of Xom.
 26931 | D:13     | Found a shimmering altar of Xom.
 27438 | D:14     | Reached skill level 10 in Fighting
 27449 | D:14     | Paralysed by a wizard for 6 turns
 27576 | D:14     | Found a gate to the Vaults.
 27784 | D:14     | Offered knowledge of Spellforged Servitor by Vehumet.
 28303 | D:14     | Reached XP level 16. HP: 97/97 MP: 19/30
 28569 | D:14     | Reached skill level 10 in Armour
 28654 | D:15     | Entered Level 15 of the Dungeon
 28654 | D:15     | Found a glowing golden altar of the Shining One.
 28836 | D:15     | Reached skill level 13 in Shields
 28852 | D:15     | Found Ujebbie's Assorted Antiques.
 28907 | D:15     | Found Zuwet's Assorted Antiques.
 29237 | D:15     | Noticed Roxanne
 29917 | D:15     | Found a staircase to the Depths.
 29963 | D:15     | Killed Roxanne
 30026 | D:15     | Found Orre Lew's General Store.
 30034 | D:15     | Bought a scroll of identify for 34 gold pieces
 30294 | D:15     | Found Sosaikew's Weapon Boutique.
 30305 | D:15     | Learned a level 6 spell: Iron Shot
 30385 | D:15     | Learned a level 9 spell: Shatter
 30592 | Shoals:1 | Entered Level 1 of the Shoals
 30592 | Shoals:1 | Noticed Nikola
 30847 | Shoals:1 | Reached skill level 1 in Earth Magic
 31017 | Shoals:1 | Killed Nikola
 32182 | Shoals:2 | Offered knowledge of Poison Arrow by Vehumet.
 32541 | Shoals:2 | Found Deirukhecvar's Antique Weapon Shop.
 33564 | Shoals:3 | Reached XP level 17. HP: 103/103 MP: 13/32
 33827 | Shoals:3 | Reached skill level 5 in Earth Magic
 33995 | Shoals:2 | Reached skill level 14 in Shields
 34442 | Shoals:3 | Noticed Bazinga's ghost (adept MiBe)
 34852 | Shoals:3 | Found Izew Jud's Gadget Boutique.
 35244 | Shoals:3 | Offered knowledge of Bolt of Fire by Vehumet.
 35469 | Shoals:4 | Entered Level 4 of the Shoals
 36528 | Shoals:4 | Found a shimmering altar of Xom.
 36820 | Shoals:4 | Got a pair of twisted boots
 36831 | Shoals:4 | Identified the cursed +0 pair of boots of the Iron City of Dis {-Tele rElec rN+} (You found it on level 4 of the Shoals)
 37126 | Shoals:4 | Noticed Ilsuiw
 37309 | Shoals:4 | Killed Ilsuiw
 37343 | Shoals:4 | Offered knowledge of Lehudib's Crystal Spear by Vehumet.
 37343 | Shoals:4 | Offered knowledge of Fire Storm by Vehumet.
 37343 | Shoals:4 | Offered knowledge of Glaciate by Vehumet.
 37795 | Shoals:4 | Got a distressingly furry ring mail
 37806 | Shoals:4 | Identified the +9 ring mail "Uxkur" {rF- rC+ Str+4 Dex+6} (You found it on level 4 of the Shoals)
 37851 | Shoals:4 | Reached XP level 18. HP: 110/110 MP: 17/33
 37929 | Shoals:4 | Found a snail-covered altar of Cheibriados.
 37950 | Shoals:4 | Got a barnacled rune of Zot
 38665 | D:10     | Learned a level 9 spell: Fire Storm
 38768 | Snake:1  | Entered Level 1 of the Snake Pit
 38940 | Snake:1  | Reached skill level 15 in Shields
 40130 | Snake:2  | Noticed Aizul
 40150 | Snake:2  | Killed Aizul
 40150 | Snake:2  | Reached skill level 15 in Conjurations
 40597 | Snake:2  | Noticed Vashnia
 40624 | Snake:2  | Killed Vashnia
 42048 | Snake:3  | Found a shimmering altar of Xom.
 42235 | Snake:3  | Reached skill level 10 in Earth Magic
 42481 | Snake:3  | Reached XP level 19. HP: 116/116 MP: 22/34
 42892 | Snake:3  | Reached skill level 16 in Shields
 43111 | Snake:4  | Entered Level 4 of the Snake Pit
 44952 | Snake:4  | Reached skill level 10 in Dodging
 45434 | Snake:4  | Reached XP level 20. HP: 105/124 MP: 7/35
 45680 | Snake:4  | Got a serpentine rune of Zot
 46263 | Vaults:1 | Entered Level 1 of the Vaults
 46557 | Vaults:1 | Reached skill level 17 in Shields
 47496 | Vaults:1 | Paralysed by a great orb of eyes for 6 turns
 48165 | Vaults:1 | Found Hucvot's Antique Armour Emporium.
 48183 | Vaults:1 | Bought a pair of embroidered gloves for 277 gold pieces
 48859 | Vaults:2 | Reached XP level 21. HP: 130/130 MP: 7/36
 49231 | Vaults:2 | Found a staircase to the Crypt.
 49460 | Vaults:2 | Reached skill level 18 in Shields
 50880 | Vaults:3 | Paralysed by a sphinx for 5 turns
 51324 | Vaults:3 | Reached XP level 22. HP: 137/137 MP: 37/37
 52040 | Vaults:4 | Noticed Sojobo
 52060 | Vaults:4 | Killed Sojobo
 52260 | Vaults:4 | Noticed Xtahua
 52277 | Vaults:4 | Paralysed by Xtahua for 6 turns
 52284 | Vaults:4 | Noticed Mennas
 52284 | Vaults:4 | Killed Xtahua
 52285 | Vaults:4 | Noticed Bai Suzhen
 53732 | D:15     | Learned a level 8 spell: Lehudib's Crystal Spear
 53733 | Depths:1 | Entered Level 1 of the Depths
 53747 | D:15     | Reached skill level 19 in Shields
 54094 | Depths:1 | Found a gateway to Hell.
 54249 | Depths:1 | Found Toxei's Armour Shop.
 54257 | Depths:1 | Bought the +1 pair of boots "Eteag" {rF+} for 282 gold pieces
 54947 | Depths:1 | Reached XP level 23. HP: 127/144 MP: 11/38
 56245 | Depths:2 | Reached skill level 15 in Fighting
 56547 | Depths:2 | Paralysed by a vampire knight for 7 turns
 57014 | Depths:2 | Gained mutation: Your magical capacity is low. (-10% MP) [a cacodemon]
 57423 | Depths:2 | Found a one-way gate leading to the halls of Pandemonium.
 57515 | Depths:2 | Found a one-way gate to the infinite horrors of the Abyss.
 57553 | Depths:2 | Reached skill level 15 in Armour
 58068 | D:15     | Lost mutation: Your magical capacity is low. (-10% MP) [potion of mutation]
 58068 | D:15     | Gained mutation: You possess an exceptional clarity of mind. [potion of mutation]
 58068 | D:15     | Gained mutation: Scrolls take you a little longer to read. [potion of mutation]
 58068 | D:15     | Gained mutation: You are partially covered in iridescent scales. (AC +2) [potion of mutation]
 58146 | Depths:3 | Found a gateway to a ziggurat.
 58219 | Depths:3 | Found Jifoater's Assorted Antiques.
 58250 | Depths:3 | Bought 2 scrolls of enchant weapon for 480 gold pieces
 58632 | Depths:3 | Found a portal to a secret trove of treasure.
 58696 | Depths:3 | Noticed Louise
 58708 | Depths:3 | Killed Louise
 58782 | Depths:3 | Gained mutation: You are frail. (-10% HP) [a cacodemon]
 58801 | Depths:3 | Reached skill level 20 in Shields
 59253 | Depths:3 | Reached XP level 24. HP: 135/135 MP: 25/39
 60166 | Depths:4 | Reached skill level 15 in Fire Magic
 60525 | Depths:4 | Paralysed by a floating eye for 4 turns
 61093 | Depths:4 | Reached XP level 25. HP: 141/141 MP: 36/39
 61397 | Depths:3 | Lost mutation: Scrolls take you a little longer to read. [potion of mutation]
 61397 | Depths:3 | Lost mutation: You are frail. (-10% HP) [potion of mutation]
 61397 | Depths:3 | Gained mutation: You are partially covered in molten scales. (AC +2) [potion of mutation]
 61397 | Depths:3 | Gained mutation: You are frail. (-10% HP) [potion of mutation]
 61397 | Depths:3 | Gained mutation: Your muscles are strong. (Str +2) [potion of mutation]
 61705 | Depths:4 | Reached skill level 5 in Maces & Flails
 62352 | Depths:4 | HP: 5/141 [frost giant/bolt of cold (26)]
 63243 | Depths:4 | Reached skill level 15 in Earth Magic
 63243 | Depths:4 | Reached XP level 26. HP: 134/146 MP: 25/40
 63270 | Depths:4 | Noticed a juggernaut
 63301 | Depths:4 | Killed a juggernaut
 64457 | Slime:1  | Entered Level 1 of the Pits of Slime
 65281 | Slime:3  | Gained mutation: You have a pair of small horns on your head. [a shining eye]
 65304 | Slime:3  | Gained mutation: Armour fits poorly on your strangely shaped body. [a shining eye]
 65320 | Slime:3  | Reached skill level 21 in Shields
 65475 | Slime:4  | Gained mutation: You are dopey. (Int -2) [a shining eye]
 65653 | Slime:3  | Lost mutation: You possess an exceptional clarity of mind. [potion of mutation]
 65653 | Slime:3  | Lost mutation: You have a pair of small horns on your head. [potion of mutation]
 65653 | Slime:3  | Lost mutation: You are dopey. (Int -2) [potion of mutation]
 65653 | Slime:3  | Lost mutation: You are partially covered in molten scales. (AC +2) [potion of mutation]
 65653 | Slime:3  | Gained mutation: You are agile. (Dex +2) [potion of mutation]
 65654 | Slime:3  | Lost mutation: Armour fits poorly on your strangely shaped body. [potion of mutation]
 65654 | Slime:3  | Lost mutation: You are frail. (-10% HP) [potion of mutation]
 65654 | Slime:3  | Lost mutation: You are agile. (Dex +2) [potion of mutation]
 65654 | Slime:3  | Lost mutation: Your muscles are strong. (Str +2) [potion of mutation]
 65654 | Slime:3  | Gained mutation: You have very sharp teeth. [potion of mutation]
 65654 | Slime:3  | Gained mutation: You are agile. (Dex +2) [potion of mutation]
 65689 | Slime:4  | Gained mutation: You expend magic power (3 MP) to strengthen your wands. [a shining eye]
 65958 | Slime:5  | Entered Level 5 of the Pits of Slime
 65985 | Slime:5  | Noticed the Royal Jelly
 66860 | Slime:5  | Gained mutation: You are weak. (Str -2) [a shining eye]
 66925 | Slime:5  | Found a viscous altar of Jiyva.
 68001 | Slime:4  | Gained mutation: Your magical capacity is low. (-10% MP) [a shining eye]
 68003 | Slime:4  | Gained mutation: You are very weak. (Str -4) [a shining eye]
 68005 | Slime:4  | Gained mutation: Armour fits poorly on your strangely shaped body. [a shining eye]
 68006 | Slime:4  | Gained mutation: Scrolls take you a little longer to read. [a shining eye]
 68008 | Slime:4  | Gained mutation: You are partially covered in slimy green scales. (AC +2) [a shining eye]
 68010 | Slime:4  | Gained mutation: Scrolls take you longer to read. [a shining eye]
 68022 | Slime:4  | Lost mutation: You are very weak. (Str -4) [potion of mutation]
 68022 | Slime:4  | Lost mutation: Your magical capacity is low. (-10% MP) [potion of mutation]
 68022 | Slime:4  | Gained mutation: You are partially covered in rugged brown scales. (AC +1, +3% HP) [potion of mutation]
 68022 | Slime:4  | Gained mutation: You are resistant to hostile enchantments. (MR+) [potion of mutation]
 68023 | Slime:4  | Lost mutation: You are agile. (Dex +2) [potion of mutation]
 68023 | Slime:4  | Lost mutation: You are resistant to hostile enchantments. (MR+) [potion of mutation]
 68023 | Slime:4  | Lost mutation: You expend magic power (3 MP) to strengthen your wands. [potion of mutation]
 68023 | Slime:4  | Lost mutation: You are weak. (Str -2) [potion of mutation]
 68023 | Slime:4  | Gained mutation: Your muscles are strong. (Str +2) [potion of mutation]
 68023 | Slime:4  | Gained mutation: You have a pair of small horns on your head. [potion of mutation]
 69931 | Slime:5  | Killed the Royal Jelly
 71103 | Slime:5  | Got a crude morningstar
 71104 | Slime:5  | Identified the +7 morningstar of Misery {speed, +Inv rPois Stlth+} (You found it on level 5 of the Pits of Slime)
 71109 | Slime:5  | Got a slimy rune of Zot
 71119 | Slime:5  | Got a transparent war axe
 71121 | Slime:5  | Got a transparent chain mail
 71667 | D:10     | Identified the +6 chain mail of the New World {-Tele rF++ Int+2 SInv} (You found it on level 5 of the Pits of Slime)
 71685 | D:10     | Identified the +9 war axe of Hipu Pil {holy, MR- Dex+4 SInv} (You found it on level 5 of the Pits of Slime)
 71962 | Depths:5 | Entered Level 5 of the Depths
 72008 | Depths:4 | Reached XP level 27. HP: 171/175 MP: 40/40
 72986 | Depths:5 | Paralysed by a great orb of eyes for 2 turns
 73074 | Depths:5 | Found Cigaos's Gadget Boutique.
 73075 | Depths:5 | Found Emocoiq's Jewellery Emporium.
 73077 | Depths:5 | Found Mogirouz's Gadget Boutique.
 73086 | Depths:5 | Bought the ring of Xom's Displeasure {rN++ EV+3} for 654 gold pieces
 73381 | Depths:5 | Found a gate to the Realm of Zot.
 73556 | Depths:5 | Lost mutation: You have a pair of small horns on your head. [potion of mutation]
 73556 | Depths:5 | Lost mutation: You are partially covered in iridescent scales. (AC +2) [potion of mutation]
 73556 | Depths:5 | Lost mutation: Armour fits poorly on your strangely shaped body. [potion of mutation]
 73556 | Depths:5 | Lost mutation: You are partially covered in rugged brown scales. (AC +1, +3% HP) [potion of mutation]
 73556 | Depths:5 | Gained mutation: You have sharp toenails. [potion of mutation]
 73556 | Depths:5 | Gained mutation: You evolve. [potion of mutation]
 73846 | Crypt:1  | Entered Level 1 of the Crypt
 74627 | Crypt:1  | Noticed a greater mummy
 74630 | Crypt:1  | Noticed a greater mummy
 74635 | Crypt:1  | Killed a greater mummy
 74682 | Crypt:1  | Killed a greater mummy
 74737 | Crypt:1  | Lost mutation: Scrolls take you longer to read. [evolution]
 74974 | Crypt:1  | Noticed a greater mummy
 74987 | Crypt:1  | Killed a greater mummy
 75398 | Crypt:2  | Reached skill level 22 in Shields
 76357 | Crypt:3  | Entered Level 3 of the Crypt
 76505 | Crypt:3  | Found a staircase to the Tomb.
 76543 | Crypt:3  | Noticed Boris
 76551 | Crypt:3  | Killed Boris
 76610 | Crypt:3  | Killed from afar by an ancient champion

Skill      XL: |  1  2  3  4  5  6  7  8  9 10 11 12 13 14 15 16 17 18 19 20 21 22 23 24 25 26 27 |
---------------+----------------------------------------------------------------------------------+-----
Armour         | 1 2 3 4 5 7 8 9 10 11 12 13 14 15 16 17 | 17.0
Conjurations   | 2 8 9 10 11 12 13 14 15 16 17 18 19 | 19.1
Spellcasting   | 3 7 8 9 10 11 12 13 14 | 14.0
Fighting       | 1 2 3 4 5 7 8 9 10 11 12 13 14 15 16 17 | 17.2
Dodging        | 2 3 4 5 6 7 8 9 10 11 12 13 | 13.5
Fire Magic     | 8 9 10 11 12 13 14 15 16 | 16.4
Shields        | 2 5 7 9 10 11 12 13 14 15 16 17 18 19 20 21 22 | 22.2
Ice Magic      | 2 4 6 7 |  7.0
Earth Magic    | 4 7 10 11 12 13 14 15 16 | 16.2
Maces & Flails | 4 5 7 8 |  8.7
Stealth        | |  2.1

Action                   |  1- 3 |  4- 6 |  7- 9 | 10-12 | 13-15 | 16-18 | 19-21 | 22-24 | 25-27 || total
-------------------------+-------+-------+-------+-------+-------+-------+-------+-------+-------++-------
Melee: Mace              |    71 |   101 |       |       |       |       |       |       |       ||   172
       Unarmed           |     5 |       |       |       |       |       |       |       |       ||     5
       Spear             |       |    16 |    60 |   187 |   469 |    64 |       |       |       ||   796
       Quarterstaff      |       |       |   108 |       |       |       |       |       |       ||   108
       Staff             |       |       |    26 |    70 |   271 |   114 |    29 |    60 |       ||   570
       Morningstar       |       |       |       |       |    19 |       |       |       |   264 ||   283
       Flail             |       |       |       |       |     5 |    14 |       |       |       ||    19
       Trident           |       |       |       |       |       |    39 |       |       |       ||    39
       Demon trident     |       |       |       |       |       |   326 |   819 |   866 |       ||  2011
       Demon whip        |       |       |       |       |       |       |       |       |  1591 ||  1591
       Bite              |       |       |       |       |       |       |       |       |   430 ||   430
       Headbutt          |       |       |       |       |       |       |       |       |   245 ||   245
       War axe           |       |       |       |       |       |       |       |       |   393 ||   393
Throw: Stone             |       |     1 |       |       |       |       |       |       |       ||     1
       Javelin           |       |       |       |       |       |    16 |    12 |       |       ||    28
 Cast: Flame Tongue      |    32 |    43 |   108 |   241 |   453 |       |       |       |       ||   877
       Sticky Flame      |       |       |    13 |    79 |   278 |   187 |   175 |   137 |    56 ||   925
       Conjure Flame     |       |       |     4 |    17 |    39 |     4 |    10 |     4 |       ||    78
       Fireball          |       |       |     1 |     6 |    81 |   196 |   189 |   207 |   227 ||   907
       Throw Icicle      |       |       |       |       |     6 |   189 |       |       |       ||   195
       Iron Shot         |       |       |       |       |       |    57 |    97 |   152 |   227 ||   533
       Lehudib's Crystal |       |       |       |       |       |       |       |       |    15 ||    15
 Abil: Fly               |       |       |       |       |     2 |     2 |       |     4 |     2 ||    10
       Stop Flying       |       |       |       |       |     2 |     2 |       |     4 |     2 ||    10
Evoke: Wand              |       |       |       |       |     2 |    17 |    17 |     8 |     2 ||    46
       Box of beasts     |       |       |       |       |     1 |       |       |       |       ||     1
       Lightning rod     |       |       |       |       |       |     4 |       |       |       ||     4
       Phantom mirror    |       |       |       |       |       |     1 |       |     1 |     2 ||     4
  Use: Scroll            |       |     7 |     8 |    10 |    18 |    22 |    16 |    16 |    20 ||   117
       Potion            |       |     2 |       |     3 |     1 |    11 |     9 |    11 |    19 ||    56
 Stab: Sleeping          |     2 |     5 |       |       |       |       |     1 |       |     2 ||    10
       Distracted        |       |       |       |       |       |       |       |       |     1 ||     1
  Eat: Chunk             |     2 |     7 |    14 |    32 |    75 |    76 |    47 |    65 |    37 ||   355
       Fruit             |       |       |       |       |     3 |    19 |       |       |     1 ||    23
       Royal jelly       |       |       |       |       |     1 |     4 |     3 |     2 |       ||    10
       Meat ration       |       |       |       |       |       |     2 |     2 |     5 |    10 ||    19
       Bread ration      |       |       |       |       |       |     1 |     6 |     3 |     7 ||    17
Armor: Robe              |    20 |       |       |       |       |       |       |       |       ||    20
       Leather armour    |    12 |    99 |       |       |       |       |       |       |       ||   111
       Scale mail        |       |     1 |   172 |   123 |    66 |       |       |       |       ||   362
       Fire dragon scale |       |       |       |       |   219 |   308 |       |       |       ||   527
       Ring mail         |       |       |       |       |       |    33 |   345 |   386 |   565 ||  1329
Dodge: Dodged            |    52 |   123 |   161 |    81 |   155 |   313 |   406 |   479 |   845 ||  2615
Block: Other             |       |       |    48 |    31 |       |       |       |       |       ||    79
       Reflection        |       |       |     1 |     7 |    91 |   172 |   230 |    85 |    66 ||   652
       Large shield      |       |       |       |   247 |  1253 |  1311 |  1870 |  1910 |  4030 || 10621
